 Dungeon Crawl Stone Soup version 0.27-a0-1048-g7ee7857c10 (webtiles) character file.

Game seed: 3339105343627427898

18 Lemonice the Skirmisher (level 2, 0/25 HPs)
             Began as a Palentonga Fighter on Apr 20, 2021.
             Slain by a killer bee (2 damage)
             ... on level 1 of the Dungeon.
             The game lasted 00:01:11 (975 turns).

Lemonice the Skirmisher (Palentonga Fighter)         Turns: 975, Time: 00:01:11

Health: 0/25       AC:  6    Str: 19    XL:     2   Next: 48%
Magic:  2/2        EV:  5    Int:  8    God:
Gold:   39         SH:  8    Dex:  9    Spells: 1/1 levels left

rFire    . . .     SeeInvis +   a - +0 long sword
rCold    . . .     Faith    .   c - +0 kite shield
rNeg     . . .     Spirit   .   b - +0 scale mail
rPois    .         Reflect  .   (no helmet)
rElec    .         Harm     .   (no cloak)
rCorr    .         Rampage  .   (no gloves)
Will     .....                  (no barding)
Stlth    ..........             (no amulet)
HPRegen  0.08/turn              (no ring)
MPRegen  0.08/turn              (no ring)

@: lethally poisoned (0 -> -2)
A: large, rugged brown scales 3, see invisible, deformed body, roll 1, armoured
tail
a: Rolling Charge


You were on level 1 of the Dungeon.
You visited 1 branch of the dungeon, and saw 2 of its levels.

You collected 39 gold pieces.

Inventory:

Hand Weapons
 a - a +0 long sword (weapon)
Armour
 b - a +0 scale mail (worn)
 c - a +0 kite shield (worn)
Scrolls
 f - a scroll of identify {unknown}
 g - a scroll of holy word {unknown}
 i - a scroll of enchant armour {unknown}
Potions
 d - a potion of might
 e - a potion of curing {unknown}
 h - 2 potions of resistance {unknown}


   Skills:
 + Level 3.2 Fighting
 + Level 2.3 Long Blades
 + Level 2.6 Armour
 + Level 2.6 Shields


You had one spell level left.
You didn't know any spells.
Your spell library was empty.

Dungeon Overview and Level Annotations

Branches:
Dungeon (2/15)

Altars:

Annotations:
D:2 Robin


Innate Abilities, Weirdness & Mutations

You are completely covered in rugged brown scales. (AC +3, +7% HP)
You have supernaturally acute eyesight. (SInv)
Armour fits poorly on your strangely shaped body.
You can roll at nearby foes to attack.
You have a long armoured tail.


Message History

Done waiting.
You climb downwards.
Level annotation: Robin
There is a stone staircase leading up here.
A rat comes into view.
A killer bee comes into view. x2
The killer bee moves out of view.
Your shield and scale mail prevent you from hitting the rat.
The killer bee buzzes angrily.
You hear an angry buzzing noise. x4
You block the rat's attack.
A killer bee comes into view.
The rat bites you but does no damage.
A killer bee comes into view.
The killer bee stings you.
There is a stone staircase leading up, spattered with blood here.
You block the killer bee's attack. x2; The rat bites you but does no damage.
You climb upwards.
There is a stone staircase leading down here.
Your shield prevents you from hitting the rat.
Your tail-slap misses the rat.
You block the killer bee's attack. The killer bee stings you.
You are poisoned.
The killer bee poisons you! The rat bites you but does no damage.
The killer bee barely misses you.
You riposte.
You closely miss the killer bee. You slash the rat!
You kill the rat!
You feel very sick.
You block the killer bee's attack. x2; The killer bee stings you.
You feel sick. The killer bee stings you.
* * * LOW HITPOINT WARNING * * *
You closely miss the killer bee.
You feel sick. The killer bee closely misses you.
You riposte.
You slash the killer bee!
The killer bee is severely wounded.
The killer bee barely misses you. The killer bee stings you.
* * * LOW HITPOINT WARNING * * *
Your shield and scale mail prevent you from hitting the killer bee.
The killer bee is severely wounded.
* * * LOW HITPOINT WARNING * * *
You feel sick. You block the killer bee's attack. The killer bee stings you.
You die...

...# #.# #..######
#### #.#
#.......#### #.#
#........... #.#
#..########. #.#
#..# #. #.# #..# ##
#### #.# #..# ...#
#.######..# ##.#
#.@y......# #.#
#######...#########
#.# #............
#.# #.#.#########
#.# #.#.###### ##.#
#.#......# .#.#
#.######.# ...###
#.# #.# .....# #.#
#.#


You could see a killer bee.

Vanquished Creatures
  3 bats (D:1)
  2 endoplasms (D:1)
  2 goblins (D:1)
  A hobgoblin (D:1)
  2 jackals (D:1)
  A quokka (D:1)
  2 ball pythons (D:1)
  A frilled lizard (D:1)
  A rat (D:1)
15 creatures vanquished.

Notes
Turn   | Place    | Note
-------+----------+-------------------------------------------
     0 | D:1      | Lemonice the Palentonga Fighter began the quest for the
                  | Orb.
     0 | D:1      | Reached XP level 1. HP: 19/19 MP: 1/1
   230 | D:1      | Reached XP level 2. HP: 24/25 MP: 2/2
   756 | D:2      | Noticed Robin
   965 | D:2      | Noticed a killer bee
   965 | D:2      | Noticed a killer bee
   966 | D:2      | Noticed a killer bee
   967 | D:2      | Noticed a killer bee
   969 | D:2      | Noticed a killer bee
   975 | D:1      | Slain by a killer bee

Illustrated notes

Levels and vault maps discovered:
D:1:      zaba_arrival_water, layout_loops_ring, nrook_campfire
D:2:      layout_loops_cross, uniq_crazy_yiuf_cottage, uniq_robin

Action                   || total
-------------------------++-------
Melee: Long sword        ||    43
       Tailslap          ||     3
 Abil: Rolling Charge    ||     6
Armor: Scale mail        ||    28
Dodge: Dodged            ||    16
Block: Kite shield       ||    33
       Rpst.: Long sword ||     5

Table legend: (Time is in decaauts)
 A = Elapsed time spent in this place.
 B = Non-inter-level travel time spent in this place.
 C = Inter-level travel time spent in this place.
 D = Time resting spent in this place.
 E = Time spent auto-exploring this place.
 F = Levels seen in this place.
 G = Mean time per level.
                   A        B        C        D        E       F      G
               +--------+--------+--------+--------+--------+-----+--------+
         Total |   1004 |    985 |     19 |    170 |    675 |   2 |  502.0 |
       Dungeon |   1004 |    985 |     19 |    170 |    675 |   2 |  502.0 |
               +--------+--------+--------+--------+--------+-----+--------+

Top non-repeatable levels by time:
     D:1: 993 daAuts
     D:2: 10 daAuts
